 Dungeon Crawl Stone Soup version 0.29.1-15-g9cfb28693d (webtiles) character file.

Game seed: 3382693026622203872

487 cdecastro the Cleaver (level 6, 0/47 (51) HPs)
             Began as a Minotaur Fighter on Mar 5, 2023.
             Slain by a wight
             ... wielding a +0 hand axe
              (4 damage)
             ... on level 5 of the Dungeon.
             The game lasted 00:04:19 (4135 turns).

cdecastro the Cleaver (Minotaur Fighter)            Turns: 4135, Time: 00:04:21

HP:   0/47 (51)     AC: 11    Str: 23    XL:     6   Next: 89%
MP:   5/5           EV:  6    Int:  5    God:
Gold: 287           SH:  0    Dex:  9    Spells: 5/5 levels left

rFire   . . .      SeeInvis .   a - +0 war axe
rCold   . . .      Faith    .   (no shield)
rNeg    . . .      Spirit   .   b - +0 plate armour
rPois   .          Reflect  .   A - +0 hat
rElec   .          Harm     .   (no cloak)
rCorr   .          Rampage  .   (no gloves)
Will    .....                   (no boots)
Stlth   ..........              (no amulet)
HPRegen 0.15/turn               (no ring)
MPRegen 0.09/turn               (no ring)

@: drained
A: horns 2, retaliatory headbutt
a: no special abilities


You were on level 5 of the Dungeon.
You visited 1 branch of the dungeon, and saw 5 of its levels.

You collected 323 gold pieces.
You spent 36 gold pieces at shops.

Inventory:

Hand Weapons
 a - a +0 war axe (weapon)
Missiles
 i - 7 poisoned darts (quivered)
 y - 2 javelins
 z - 3 curare-tipped darts
Armour
 b - a +0 plate armour (worn)
 c - a +0 buckler
 A - a +0 hat (worn)
Magical Staves
 p - a staff of air
Jewellery
 n - a +6 ring of strength
 v - a ring of wizardry
 x - an amulet of magic regeneration
Scrolls
 e - 4 scrolls of identify {unknown}
 f - 3 scrolls of poison {unknown}
 g - 4 scrolls of teleportation {unknown}
 h - a scroll of noise {unknown}
 j - a scroll of magic mapping {unknown}
 k - a scroll of torment {unknown}
 l - a scroll of enchant weapon {unknown}
 o - 4 scrolls of butterflies {unknown}
 r - a scroll of immolation {unknown}
 s - 3 scrolls of amnesia {unknown}
Potions
 d - 2 potions of might
 m - a potion of degeneration {unknown}
 q - 4 potions of curing {unknown}
 t - a potion of heal wounds {unknown}
 u - 2 potions of haste {unknown}
 w - 2 potions of lignification


   Skills:
 - Level 3.6 Fighting
 + Level 9.1 Axes
 - Level 3.6 Armour
 - Level 3.6 Shields


You had 5 spell levels left.
You didn't know any spells.
Your spell library contained the following spells:

 Spells                   Type           Power      Damage    Failure   Level
 Apportation              Tloc           0%         N/A       100%        1
 Magic Dart               Conj           0%         1d3       100%        1
 Necrotise                Necr           0%         1d4       100%        1
 Summon Small Mammal      Summ           0%         N/A       100%        1
 Call Imp                 Summ           0%         N/A       100%        2
 Ensorcelled Hibernation  Hex/Ice        0%         N/A       100%        2
 Mephitic Cloud           Conj/Pois/Air  0%         N/A       100%        3
 Ozocubu's Armour         Ice            0%         N/A       100%        3
 Olgreb's Toxic Radiance  Pois           0%         N/A       100%        4
 Summon Ice Beast         Ice/Summ       0%         N/A       100%        4
 Alistair's Intoxication  Tmut/Pois      0%         N/A       100%        5
 Freezing Cloud           Conj/Ice/Air   0%         6-21      100%        5
 Ozocubu's Refrigeration  Ice            0%         4d7       100%        7


Dungeon Overview and Level Annotations

Branches:
Dungeon (5/15)
 Temple: D:4-7

Altars:
Elyvilon
Gozag
Kikubaaqudgha
Makhleb
Nemelex Xobeh
Ru
Trog
Wu Jian
Zin

Shops:
D:4 **

Annotations:
D:3 1 transporter, leafyfresh's ghost, amateur OpDe


Innate Abilities, Weirdness & Mutations

You have a pair of horns on your head.
You reflexively headbutt those who attack you in melee.


Message History

You hit the orc wizard. Your headbutt misses the orc wizard.
The orc wizard is lightly wounded.
The orc wizard barely misses you. You furiously retaliate!
You headbutt the orc wizard. You slice the orc wizard!!
You kill the orc wizard!
Your Axes skill increases to level 9!
You barely miss the wight. You headbutt the wight!
The wight is severely damaged.
You hit the wight but do no damage. You hit the wight.
The wight hits you with a +4 great sword.
The wight hits you but does no damage.
You closely miss the wight.
You headbutt the wight, but do no damage.
You closely miss the wight.
The wight hits you with a +4 great sword!
The wight hits you but does no damage.
You hit the wight but do no damage. You headbutt the wight!
The wight is heavily damaged.
You barely miss the wight.
The wight hits you with a +4 great sword!!
* * * LOW HITPOINT WARNING * * *
You feel drained. The wight hits you with a +0 hand axe.
* * * LOW HITPOINT WARNING * * *
You feel drained.
* * * LOW HITPOINT WARNING * * *
You slash the wight!
The wight is almost destroyed.
You hit the wight but do no damage.
The wight hits you with a +4 great sword!
* * * LOW HITPOINT WARNING * * *
The wight hits you but does no damage.
Unknown command.
You hit the wight.
The wight is almost destroyed.
You barely miss the wight.
The wight hits you with a +4 great sword.
* * * LOW HITPOINT WARNING * * *
The wight hits you with a +0 hand axe.
You die...

######### #.......#
#..>....# +.......#
#.......# #.......#
#..z@...########
###z#..........#
...#..........#
.....#..........#
...#####..........#####
.. ###########....# .
#..[.# #....# #....##


You could see 2 wights.

Vanquished Creatures
  A necrophage (D:4)
  2 scorpions
  A wight (D:5)
  A jelly (D:5)
  A hound (D:4)
  An orc wizard (D:5)
  8 adders
  3 worms
  2 dart slugs (D:1)
  6 orcs
  8 endoplasms
  5 giant cockroaches
  9 goblins
  5 hobgoblins
  5 jackals
  3 quokkas
  5 ball pythons
  8 bats
  2 frilled lizards
  4 kobolds
  5 rats
85 creatures vanquished.

Notes
Turn   | Place    | Note
-------+----------+-------------------------------------------
     0 | D:1      | cdecastro the Minotaur Fighter began the quest for the Orb.
     0 | D:1      | Reached XP level 1. HP: 19/19 MP: 0/0
   169 | D:1      | Reached skill level 3 in Axes
   172 | D:1      | Reached XP level 2. HP: 24/26 MP: 1/1
   414 | D:1      | Reached skill level 4 in Axes
   681 | D:2      | Reached XP level 3. HP: 26/31 MP: 2/2
   782 | D:2      | Found a faded altar of an unknown god.
  1189 | D:2      | Reached skill level 5 in Axes
  1397 | D:2      | Reached XP level 4. HP: 28/39 MP: 3/3
  2258 | D:3      | Found an ornate altar of the Wu Jian Council.
  2263 | D:3      | Found an ancient bone altar of Kikubaaqudgha.
  2292 | D:3      | Reached skill level 6 in Axes
  2331 | D:3      | Found an opulent altar of Gozag.
  2670 | D:3      | Found a transporter.
  2672 | D:3      | Noticed leafyfresh's ghost (amateur OpDe)
  2672 | D:3      | Noticed an ogre
  2673 | D:3      | Noticed an ogre
  2673 | D:3      | Noticed an ogre
  2835 | D:4      | Reached XP level 5. HP: 39/45 MP: 4/4
  2926 | D:4      | Found Jaorphekk's Specific Store.
  2930 | D:4      | Found Vep Jixozue's General Store.
  2935 | D:4      | Bought a potion of lignification for 36 gold pieces
  2971 | D:4      | Found a glowing silver altar of Zin.
  2973 | D:4      | Found a white marble altar of Elyvilon.
  2973 | D:4      | Found a bloodstained altar of Trog.
  2973 | D:4      | Found a sparkling altar of Nemelex Xobeh.
  2980 | D:4      | Found a sacrificial altar of Ru.
  2986 | D:4      | Found a burning altar of Makhleb.
  3268 | D:4      | Reached skill level 7 in Axes
  3593 | D:4      | Reached XP level 6. HP: 34/51 MP: 5/5
  3736 | D:4      | Reached skill level 8 in Axes
  3805 | D:5      | Entered Level 5 of the Dungeon
  3987 | D:5      | Got the Parchment of Poisoning and the Winter
  4130 | D:5      | Reached skill level 9 in Axes
  4135 | D:5      | Slain by a wight

Illustrated notes

Levels and vault maps discovered:
D:1:      lemuel_arrival_funnel, layout_basic, minmay_misc_feat_enclosed
D:2:      layout_loops_corners, basic_ecumenical_altar
D:3:      layout_loops_cross, nicolae_gozag_cash_rules_everything_around_me,
          minitemple, gammafunk_ghost_smash
D:4:      layout_gridville, minmay_overflow_temple_hex, nicolae_specific_store,
          columned_hall_lemuel, minmay_ruptured
D:5:      layout_gridville, nicolae_uskayaw_suspiria, uniq_eustachio

Skill      XL: |  1  2  3  4  5  6 |
---------------+-------------------+-----
Axes           | 3 4 5 6 7 9 |  9.1
Fighting       | |  3.6
Armour         | |  3.6
Shields        | |  3.6

Action                   |  1- 3 |  4- 6 || total
-------------------------+-------+-------++-------
Melee: War axe           |    55 |   136 ||   191
       Headbutt          |     4 |    18 ||    22
       Punch             |       |     1 ||     1
Throw: Dart              |       |     1 ||     1
Armor: Scale mail        |    32 |     5 ||    37
       Chain mail        |       |    22 ||    22
       Plate armour      |       |    66 ||    66
Dodge: Dodged            |    25 |    45 ||    70
